 Dungeon Crawl Stone Soup version 0.29-a0-757-g358383bc75 (webtiles) character file.

Game seed: 12399088857883777341

36 DuloT34 the Vexing (level 3, -2/26 HPs)
             Began as a Barachi Arcane Marksman on June 30, 2022.
             Slain by a goblin
             ... wielding a +0 club
             ... led by Robin
              (3 damage)
             ... on level 2 of the Dungeon.
             The game lasted 00:02:03 (986 turns).

DuloT34 the Vexing (Barachi Arcane Marksman)         Turns: 986, Time: 00:02:04

Health: -2/26      AC:  2    Str: 11    XL:     3   Next: 37%
Magic:  7/7        EV: 12    Int: 13    God:
Gold:   46         SH:  0    Dex: 14    Spells: 7/8 levels left

rFire   . . .      SeeInvis .   a - +0 sling
rCold   . . .      Faith    .   (no shield)
rNeg    . . .      Spirit   .   c - +0 robe
rPois   .          Reflect  .   (no helmet)
rElec   .          Harm     .   (no cloak)
rCorr   .          Rampage  .   (no gloves)
Will    .....                   (no boots)
Stlth   +.........              (no amulet)
HPRegen 0.08/turn               (no ring)
MPRegen 0.10/turn               (no ring)

@: about to teleport, unable to hop, slow
A: amphibious, slowness 1, strong legs 1, +LOS
a: Hop


You were on level 2 of the Dungeon.
You visited 1 branch of the dungeon, and saw 2 of its levels.

You collected 46 gold pieces.

Inventory:

Hand Weapons
 a - a +0 sling (weapon)
Armour
 c - a +0 robe (worn)
Scrolls
 b - a scroll of vulnerability
Potions
 d - 2 potions of flight {unknown}
 e - a potion of berserk rage {unknown}
 h - a potion of magic {unknown}
 i - a potion of resistance {unknown}


   Skills:
 - Level 1.2 Fighting
 - Level 2.0 Ranged Weapons
 - Level 2.1 Dodging
 + Level 3.2 Spellcasting
 - Level 3.2 Hexes


You had 7 spell levels left.
You knew the following spells:

 Your Spells              Type           Power      Damage    Failure   Level
a - Slow                  Hex            40%        N/A       6%          1

Your spell library contained the following spells:

 Spells                   Type           Power      Damage    Failure   Level
 Inner Flame              Hex/Fire       6%         N/A       34%         3
 Portal Projectile        Hex/Tloc       12%        N/A       34%         3
 Cause Fear               Hex            5%         N/A       50%         4


Dungeon Overview and Level Annotations

Branches:
Dungeon (2/15)

Altars:

Annotations:
D:2 Robin


Innate Abilities, Weirdness & Mutations

You are amphibious.
You cover ground slowly.
You can hop short distances.
You have an extended range of vision and can be seen from far away.


Message History

Really attack while wielding your +0 sling? [Y]es or [N]o only, please.
Really attack while wielding your +0 sling? [Y]es or [N]o only, please.
Really attack while wielding your +0 sling? [Y]es or [N]o only, please.
Really attack while wielding your +0 sling?
Okay, then.
Fire: a) +0 sling
Press: ? - help, Shift-Dir - straight line, f/p - goblin
Aim: a goblin, wielding a +0 club (strong)
You shoot a sling bullet.
The sling bullet barely misses the goblin.
The goblin misses you. The goblin closely misses you.
Fire: a) +0 sling
Press: ? - help, Shift-Dir - straight line, f - goblin, p - goblin
Aim: a goblin, wielding a +0 club (strong)
You shoot a sling bullet. The sling bullet hits the goblin.
You kill the goblin!
The goblin no longer looks unusually strong.
Robin throws the goblin at you! The goblin barely misses you.
The goblin hits you with a +0 club.
* * * LOW HITPOINT WARNING * * *
Robin roars a battlecry!
The goblin goes into a battle-frenzy!
The goblin barely misses you. x2
You hear a shout!
As you read the scroll labelled AMOVYO UWIF, it crumbles to dust.
You feel strangely unstable.
It was a scroll of teleportation.
The goblin closely misses you. x2
As you read the scroll labelled QOIRAF PIAZIH, it crumbles to dust.
You hear a loud clanging noise!
It was a scroll of noise.
You hear a shout!
You hear an angry hiss.
You hear a bark!
You hear an angry hiss. x2
Robin roars a battlecry!
The goblin hits you with a +0 club.
* * * LOW HITPOINT WARNING * * *
The goblin hits you with a +0 club.
You die...

. #.#g. . ##.
#g#.# .. #..
#.#.## #.. #.#
#.#..#... #.#
#.##)#.### #.#
#####.##......
#.#
#.....).....##
#g#
#####.#.......
#@# ##.....##.#
#g# ###g....#....
#g#
##g....#...#.#
##g###.g#..##.###
# #....g.....#..#
#.<.#...#.##.##
#..##.###.# .
#..#..# #..
####.## #..#


You could see Robin, a hobgoblin (strong) and 2 goblins.

Vanquished Creatures
  A worm (D:2)
  A dart slug (D:1)
  2 ball pythons (D:1)
  An endoplasm (D:1)
  3 giant cockroaches (D:1)
  8 goblins
  2 hobgoblins
  4 bats (D:1)
  A frilled lizard (D:1)
  A kobold (D:1)
  4 rats (D:1)
28 creatures vanquished.

Vanquished Creatures (others)
  2 fungi (D:2)
  2 plants (D:2)
4 creatures vanquished.

Grand Total: 32 creatures vanquished

Notes
Turn   | Place    | Note
-------+----------+-------------------------------------------
     0 | D:1      | DuloT34 the Barachi Arcane Marksman began the quest for the
                  | Orb.
     0 | D:1      | Reached XP level 1. HP: 15/15 MP: 2/2
     2 | D:1      | Noticed an elf
     2 | D:1      | Noticed a felid
     4 | D:1      | Noticed an octopode
     4 | D:1      | Noticed a merfolk
     6 | D:1      | Noticed a dwarf
     8 | D:1      | Noticed an ogre
     8 | D:1      | Noticed a vine stalker
    10 | D:1      | Noticed a troll
    13 | D:1      | Noticed a vampire
    13 | D:1      | Noticed a naga
    15 | D:1      | Noticed a draconian
    17 | D:1      | Noticed a demigod
    17 | D:1      | Noticed a ghoul
    19 | D:1      | Noticed a demonspawn
    19 | D:1      | Noticed a gargoyle
    22 | D:1      | Noticed a tengu
    24 | D:1      | Noticed a minotaur
    24 | D:1      | Noticed a human
    26 | D:1      | Noticed a spriggan
    28 | D:1      | Noticed a formicid
   378 | D:1      | Reached XP level 2. HP: 21/21 MP: 5/5
   726 | D:1      | Reached XP level 3. HP: 26/26 MP: 7/7
   957 | D:2      | Noticed Robin
   986 | D:2      | HP: 1/26 [goblin/+0 club[Robin] (6)]
   986 | D:2      | Slain by a goblin

Illustrated notes

Levels and vault maps discovered:
D:1:      kb_arrival_jail, layout_basic, minivault_24
D:2:      layout_rooms, shapermc_ecumenical_altar_gd, minmay_pentomino_pile,
          uniq_robin

Skill      XL: |  1  2  3 |
---------------+----------+-----
Spellcasting   | 2 3 |  3.2
Fighting       | |  1.2
Ranged Weapons | |  2.0
Dodging        | |  2.1
Hexes          | |  3.2

Action                   || total
-------------------------++-------
 Fire: Sling             ||    79
 Cast: Slow              ||     1
 Abil: Hop               ||     1
  Use: Scroll            ||     2
Armor: Robe              ||     6
Dodge: Dodged            ||    26

Table legend: (Time is in decaauts)
 A = Elapsed time spent in this place.
 B = Non-inter-level travel time spent in this place.
 C = Inter-level travel time spent in this place.
 D = Time resting spent in this place.
 E = Time spent auto-exploring this place.
 F = Levels seen in this place.
 G = Mean time per level.
                   A        B        C        D        E       F      G
               +--------+--------+--------+--------+--------+-----+--------+
         Total |   1127 |   1098 |     29 |    112 |    816 |   2 |  563.5 |
       Dungeon |   1127 |   1098 |     29 |    112 |    816 |   2 |  563.5 |
               +--------+--------+--------+--------+--------+-----+--------+

Top non-repeatable levels by time:
     D:1: 1039 daAuts
     D:2: 88 daAuts
